 Dungeon Crawl Stone Soup version 0.13.2 (console) character file.

667 Surgery the Basher (level 6, 0/94 HPs)
             Began as an Ogre Berserker on May 11, 2014.
             Was a Priest of Trog.
             Slain by a jackal (1 damage)
             ... on Level 5 of the Dungeon.
             The game lasted 00:06:56 (1455 turns).

Surgery the Basher (Ogre Berserker)                 Turns: 1455, Time: 00:06:57

HP   0/94        AC  4     Str 28      XL: 6   Next: 74%
MP  12/14        EV 10     Int  6      God: Trog [***...]
Gold 289         SH  0     Dex 11      Spells:  0 memorised,  5 levels left

Res.Fire  : . . .   See Invis. : .   y - +0,-1 giant club
Res.Cold  : . . .   Warding    : .   b - +0 animal skin
Life Prot.: . . .   Conserve   : .   (shield restricted)
Res.Poison: .       Res.Corr.  : .   (helmet restricted)
Res.Elec. : .       Clarity    : .   k - +0 cloak
Sust.Abil.: . .     Spirit.Shd : .   (gloves unavailable)
Res.Mut.  : .       Stasis     : .   (boots unavailable)
Res.Rott. : .       Flight     : .   (no amulet)
Saprovore : + . .                    (no ring)
                                     a - ring of magical power

@: regenerating (expiring), berserking (expiring), very quick, very resistant to
hostile enchantments, extremely unstealthy
A: unfitting armour, fast metabolism 1, saprovore 1, tough skin 1
a: Burn Spellbooks, Berserk, Trog's Hand, Renounce Religion


You were on level 5 of the Dungeon.
You worshipped Trog.
Trog was most pleased with you.
You were very hungry.

You visited 1 branch of the dungeon, and saw 5 of its levels.

You collected 269 gold pieces.

Inventory:

Hand weapons
 n - a +0,+0 flail
 w - a cursed -4 orcish blowgun
 y - a +0,-1 giant club (weapon)
Armour
 b - a +0 animal skin (worn)
 d - a +0 robe
 k - a +0 cloak (worn)
Comestibles
 c - 3 meat rations
 h - 2 bread rations
 q - a honeycomb
Scrolls
 e - 2 scrolls of enchant armour {unknown}
 f - 2 scrolls of teleportation {unknown}
 j - a scroll of identify {unknown}
 m - 2 scrolls of amnesia {unknown}
 o - a scroll of enchant weapon I {unknown}
 p - a scroll of fog {unknown}
 r - 2 scrolls of recharging {unknown}
 t - 2 scrolls of fear {unknown}
 v - a scroll of random uselessness {unknown}
 x - a scroll of curse jewellery {unknown}
Jewellery
 a - a ring of magical power (left hand)
 s - an uncursed ring of ice
Potions
 g - 2 potions of curing {unknown}
 i - 4 potions of heal wounds {unknown}
 l - a potion of might {unknown}
 u - a potion of poison {unknown}


   Skills:
 - Level 4.0 Fighting
 + Level 9.6 Maces & Flails
 - Level 2.9 Dodging


You had 5 spell levels left.
You didn't know any spells.

Dungeon Overview and Level Annotations

Branches:
Dungeon (5/27)
 Temple: D:4-7

Altars:

Annotations:
D:5 Bikaver's ghost, experienced TrMo


Innate Abilities, Weirdness & Mutations

You are too large for most types of armour.
You have a fast metabolism.
You can tolerate rotten meat.
You have tough skin (AC +1).


Message History

You hit Bikaver's ghost.
Bikaver's ghost is lightly damaged.
Bikaver's ghost completely misses you.
You sock Bikaver's ghost!
Bikaver's ghost is lightly damaged.
Your skin is crawling a little less now.
Bikaver's ghost hits you!
You thump Bikaver's ghost!
Bikaver's ghost is moderately damaged.
Bikaver's ghost hits you!
* * * LOW HITPOINT WARNING * * *
You completely miss Bikaver's ghost.
Bikaver's ghost is moderately damaged.
The jackal closely misses you.
You bludgeon Bikaver's ghost!!
Bikaver's ghost is severely damaged.
Bikaver's ghost hits you!
* * * LOW HITPOINT WARNING * * *
The jackal bites you.
You die...

............................
[.h..........................
............ ................
..........# ...............#
#.........# #.............##
#........# #.............#
##....h..## ##.......>.....##
##.......###......###......#
##.......p@.....# ##......
##......h......# #......
##............## ##......
##............###.......
##.....................
##....................
##...................
##..................
##.................


You could see Bikaver's ghost and 2 jackals.

Vanquished Creatures
  An ogre (D:4)
  2 hounds (D:4)
  A jelly (D:5)
  2 iguanas (D:4)
  A worker ant (D:4)
  5 adders
  3 gnolls (D:2)
  A giant mite (D:1)
  3 giant geckos
  2 oozes (D:3)
  An orc (D:3)
  5 bats
  3 giant cockroaches
  7 goblins
  6 hobgoblins
  A ball python (D:1)
  5 giant newts
  A hobgoblin skeleton (D:4)
  8 kobolds
  7 rats
65 creatures vanquished.

Notes
Turn   | Place    | Note
--------------------------------------------------------------
     0 | D:1      | Surgery, the Ogre Berserker, began the quest for the Orb.
     0 | D:1      | Reached XP level 1. HP: 23/23 MP: 0/0
    90 | D:1      | Reached XP level 2. HP: 29/32 MP: 1/1
   166 | D:1      | Reached skill level 5 in Maces & Flails
   310 | D:1      | Reached XP level 3. HP: 29/39 MP: 2/2
   367 | D:1      | Acquired Trog's second power
   533 | D:2      | Reached skill level 6 in Maces & Flails
   536 | D:2      | Reached XP level 4. HP: 21/48 MP: 3/3
   842 | D:3      | Reached skill level 7 in Maces & Flails
  1091 | D:4      | Reached XP level 5. HP: 30/54 MP: 4/4
  1169 | D:4      | Reached skill level 8 in Maces & Flails
  1216 | D:4      | Reached XP level 6. HP: 12/63 MP: 5/5
  1257 | D:4      | Noticed an ogre
  1271 | D:4      | Killed an ogre
  1271 | D:4      | Reached skill level 9 in Maces & Flails
  1369 | D:5      | Entered Level 5 of the Dungeon
  1442 | D:5      | Noticed Bikaver's ghost (experienced TrMo)
  1455 | D:5      | HP: 1/94 [Bikaver's ghost (24)]
  1455 | D:5      | Slain by a jackal

Action                   |  1- 3 |  4- 6 || total
-------------------------+-------+-------++-------
Melee: Mace              |    97 |     3 ||   100
       Flail             |       |   100 ||   100
       Giant club        |       |    19 ||    19
Invok: Berserk           |     1 |     4 ||     5
       Trog's Hand       |       |     4 ||     4
 Stab: Sleeping          |       |     1 ||     1
